 Dungeon Crawl Stone Soup version 0.29-a0-286-g41199d4a87 (webtiles) character file.

Game seed: 4840139095400942210

1629 sanka the Ducker (level 8, -12/67 HPs)
             Began as a Gnoll Monk on Mar 16, 2022.
             Was a High Priest of Jiyva.
             Mangled by a two-headed ogre
             ... wielding a +0 giant spiked club
              (29 damage)
             ... on level 5 of the Dungeon.
             The game lasted 00:09:37 (3568 turns).

sanka the Ducker (Gnoll Monk)                       Turns: 3568, Time: 00:09:38

Health: -12/67     AC: 13    Str: 14    XL:     8   Next: 97%
Magic:  13/13      EV: 15    Int:  9    God:    Jiyva [*****.]
Gold:   240        SH:  0    Dex: 14    Spells: 14/14 levels left

rFire   . . .      SeeInvis .   j - +0 lajatang (vamp)
rCold   . . .      Faith    .   (shield currently unavailable)
rNeg    . . .      Spirit   .   f - +0 scale mail
rPois   .          Reflect  .   (helmet restricted)
rElec   .          Harm     .   (no cloak)
rCorr   +          Rampage  .   (no gloves)
Will    .....                   (no boots)
Stlth   +++.......              (no amulet)
HPRegen 1.65/turn               (no ring)
MPRegen 0.58/turn               d - +4 ring of protection

@: no status effects
A: fangs 2, strong nose, distributed training, horns 1, iridescent scales 1,
sturdy frame 3
a: Renounce Religion, Oozemancy, Slimify


You were on level 5 of the Dungeon.
You worshipped Jiyva.
Jiyva was extremely pleased with you.
You visited 1 branch of the dungeon, and saw 6 of its levels.

You collected 264 gold pieces.
You spent 24 gold pieces at shops.


Innate Abilities, Weirdness & Mutations

You have extremely sharp teeth.
Your uncanny sense of smell can sniff out nearby items.
Your experience applies equally to all skills.
You have a pair of small horns on your head.
You are partially covered in iridescent scales. (AC +2)
Your movements are significantly less encumbered by armour. (ER -6)


   Skills:
 + Level 7.6 Fighting
 + Level 3.7 Short Blades
 + Level 3.7 Long Blades
 + Level 7.6 Axes
 + Level 3.7 Maces & Flails
 + Level 3.7 Polearms
 + Level 3.7 Staves
 + Level 3.7 Slings
 + Level 3.7 Bows
 + Level 3.7 Crossbows
 + Level 3.7 Throwing
 + Level 3.7 Armour
 + Level 7.6 Dodging
 + Level 5.6 Stealth
 + Level 3.7 Shields
 + Level 3.7 Unarmed Combat
 + Level 3.7 Spellcasting
 + Level 3.0 Conjurations
 + Level 3.0 Hexes
 + Level 3.0 Summonings
 + Level 3.0 Necromancy
 + Level 3.0 Translocations
 + Level 3.0 Transmutations
 + Level 3.0 Fire Magic
 + Level 3.0 Ice Magic
 + Level 3.0 Air Magic
 + Level 3.0 Earth Magic
 + Level 3.0 Poison Magic
 + Level 4.1 Invocations
 + Level 3.7 Evocations


You had 14 spell levels left.
You didn't know any spells.
Your spell library contained the following spells:

 Spells                   Type           Power      Damage    Failure   Level
 Animate Skeleton         Necr           14%        N/A       10%         1
 Apportation              Tloc           14%        N/A       10%         1
 Summon Small Mammal      Summ           28%        N/A       10%         1

Inventory:

Hand Weapons
 a - a +0 hand axe
 i - a +0 trident
 j - a +0 vampiric lajatang (weapon)
 n - a +0 flail
Armour
 b - a +0 robe
 f - a +0 scale mail (worn)
 m - a +0 ring mail
Jewellery
 d - a +4 ring of protection (right hand)
Scrolls
 e - a scroll of vulnerability {!r}
 g - a scroll of magic mapping
 l - a scroll of silence {!r}
Potions
 c - 3 potions of ambrosia
 h - a potion of invisibility
 k - a potion of haste {@q3}
 o - a potion of might

Dungeon Overview and Level Annotations

Branches:
Dungeon (6/15)             Temple (0/1) D:6

Altars:
Ru
Jiyva

Shops:
D:1 ? D:3

*=** ▒▒▒▒▒▒▒
▒.....▒
▒.....▒▒▒▒
▒.....▒▒.▒▒▒
▒...J.▒▒...▒
▒.....ho...▒
▒...JgOo...▒▒▒▒▒▒
▒▒▒▒▒▒▒h)........
▒..........
▒o.>.......
▒.......... ∆
▒..........
............
.............
...▒...........


You could see a two-headed ogre (ally target), a black bear, a howler monkey
(catching breath), 2 orcs, a friendly acid blob (summoned) and a friendly
rockslime (summoned).


Message History

The howler monkey hits you but does no damage.
The howler monkey hits you but does no damage.
You closely miss the howler monkey. Your bite misses the howler monkey.
The howler monkey hoots and howls with incredible vigour!
You hear an angry hiss.
You hit the howler monkey.
The howler monkey is lightly wounded.
The howler monkey barely misses you.
You slash the two-headed ogre!
The two-headed ogre is lightly wounded.
You barely miss the two-headed ogre.
Your headbutt misses the two-headed ogre.
You bite the two-headed ogre.
The two-headed ogre is lightly wounded.
The howler monkey hoots and howls with incredible vigour!
The two-headed ogre hits you with a +0 giant spiked club!!
You shudder from the blow and a jelly pops out!
The two-headed ogre hits you with a +0 giant spiked club!!
* * * LOW HITPOINT WARNING * * *
You shudder from the blow and a jelly pops out!
The howler monkey hits you.
* * * LOW HITPOINT WARNING * * *
You slash the two-headed ogre! You headbutt the two-headed ogre.
You bite the two-headed ogre, but do no damage.
The two-headed ogre is heavily wounded.
The howler monkey closely misses you.
The two-headed ogre hits you with a +0 giant spiked club!!
You die...

Action                   |  1- 3 |  4- 6 |  7- 9 || total
-------------------------+-------+-------+-------++-------
Melee: Hand axe          |   108 |   120 |   108 ||   336
       Bite              |    10 |    14 |    31 ||    55
       Headbutt          |     4 |    23 |    38 ||    65
       Punch             |       |     4 |     5 ||     9
       Lajatang          |       |       |    50 ||    50
  Use: Scroll            |     3 |       |     5 ||     8
       Potion            |       |       |     1 ||     1
 Stab: Sleeping          |     7 |     7 |     3 ||    17
Armor: Robe              |    35 |    37 |    36 ||   108
       Ring mail         |       |       |    24 ||    24
       Scale mail        |       |       |     9 ||     9
Dodge: Dodged            |    53 |    77 |   135 ||   265

Levels and vault maps discovered:
D:1:      minmay_arrival_four_circles, layout_rooms,
          ebering_ecumenical_altar_ruins, serial_shops,
          nicolae_shop_window_shopping, st_stairs_10
D:2:      layout_basic, kennysheep_potato
D:3:      layout_basic, serial_shops, nicolae_square_shop, shop_coins,
          shop_statue, shop, nicolae_concentric_dashed_squares_mild
D:4:      layout_loops_ring
D:5:      layout_rooms, lemuel_doored_altar, portal_sewer_entry_a
D:6:      gammafunk_cloud_chamber, layout_basic,
          nicolae_ru_sacrificial_ziggurat, minmay_temple_entry_ruins

Notes
Turn   | Place    | Note
-------+----------+-------------------------------------------
     0 | D:1      | sanka the Gnoll Monk began the quest for the Orb.
     0 | D:1      | Reached XP level 1. HP: 23/23 MP: 1/1
   180 | D:1      | Reached XP level 2. HP: 29/29 MP: 2/2
   233 | D:1      | Found a faded altar of an unknown god.
   249 | D:1      | Prayed at the altar of an unknown god.
   249 | D:1      | Became a worshipper of Jiyva Jomuahy the Shapeless
   249 | D:1      | Reached * piety under Jiyva
   249 | D:1      | Reached ** piety under Jiyva
   313 | D:1      | Reached *** piety under Jiyva
   383 | D:1      | Found Jycuij's Magic Scroll Shop.
   386 | D:1      | Bought a scroll of identify for 24 gold pieces
   646 | D:2      | Reached XP level 3. HP: 35/35 MP: 3/3
   865 | D:2      | Gained mutation: You are partially covered in iridescent
                  | scales. (AC +2) [Jiyva's grace]
   865 | D:2      | Gained mutation: You are mostly covered in iridescent
                  | scales. (AC +4) [Jiyva's grace]
   865 | D:2      | Gained mutation: You are completely covered in iridescent
                  | scales. (AC +6) [Jiyva's grace]
   865 | D:2      | Gained mutation: You have a pair of small horns on your
                  | head. [Jiyva's grace]
   969 | D:2      | Reached **** piety under Jiyva
  1001 | D:2      | Reached skill level 1 in Invocations
  1021 | D:2      | Reached skill level 1 in Short Blades
  1021 | D:2      | Reached skill level 1 in Long Blades
  1021 | D:2      | Reached skill level 1 in Maces & Flails
  1021 | D:2      | Reached skill level 1 in Polearms
  1021 | D:2      | Reached skill level 1 in Staves
  1021 | D:2      | Reached skill level 1 in Slings
  1021 | D:2      | Reached skill level 1 in Bows
  1021 | D:2      | Reached skill level 1 in Crossbows
  1021 | D:2      | Reached skill level 1 in Throwing
  1021 | D:2      | Reached skill level 1 in Armour
  1021 | D:2      | Reached skill level 1 in Shields
  1021 | D:2      | Reached skill level 1 in Unarmed Combat
  1021 | D:2      | Reached skill level 1 in Spellcasting
  1021 | D:2      | Reached skill level 1 in Evocations
  1021 | D:2      | Reached XP level 4. HP: 41/41 MP: 5/5
  1185 | D:3      | Noticed a sky beast
  1207 | D:2      | Killed a sky beast
  1208 | D:2      | Reached skill level 1 in Conjurations
  1208 | D:2      | Reached skill level 1 in Hexes
  1208 | D:2      | Reached skill level 1 in Summonings
  1208 | D:2      | Reached skill level 1 in Necromancy
  1208 | D:2      | Reached skill level 1 in Translocations
  1208 | D:2      | Reached skill level 1 in Transmutations
  1208 | D:2      | Reached skill level 1 in Fire Magic
  1208 | D:2      | Reached skill level 1 in Ice Magic
  1208 | D:2      | Reached skill level 1 in Air Magic
  1208 | D:2      | Reached skill level 1 in Earth Magic
  1208 | D:2      | Reached skill level 1 in Poison Magic
  1208 | D:2      | Reached XP level 5. HP: 47/47 MP: 5/7
  1246 | D:3      | Found Fuugapp's General Store.
  1473 | D:3      | Found Ekeisont's Assorted Antiques.
  1578 | D:3      | Found Denun's Jewellery Shoppe.
  1605 | D:3      | Reached ***** piety under Jiyva
  1652 | D:3      | Found Piuloini's Assorted Antiques.
  2117 | D:4      | Reached skill level 2 in Invocations
  2117 | D:4      | Reached XP level 6. HP: 53/53 MP: 8/8
  2214 | D:4      | Reached skill level 2 in Short Blades
  2214 | D:4      | Reached skill level 2 in Long Blades
  2214 | D:4      | Reached skill level 2 in Maces & Flails
  2214 | D:4      | Reached skill level 2 in Polearms
  2214 | D:4      | Reached skill level 2 in Staves
  2214 | D:4      | Reached skill level 2 in Slings
  2214 | D:4      | Reached skill level 2 in Bows
  2214 | D:4      | Reached skill level 2 in Crossbows
  2214 | D:4      | Reached skill level 2 in Throwing
  2214 | D:4      | Reached skill level 2 in Armour
  2214 | D:4      | Reached skill level 2 in Shields
  2214 | D:4      | Reached skill level 2 in Unarmed Combat
  2214 | D:4      | Reached skill level 2 in Spellcasting
  2214 | D:4      | Reached skill level 2 in Evocations
  2230 | D:4      | Noticed a yak
  2231 | D:4      | Noticed a yak
  2231 | D:4      | Noticed a yak
  2232 | D:4      | Noticed a yak
  2252 | D:4      | Killed a yak
  2253 | D:4      | Reached XP level 7. HP: 57/59 MP: 10/10
  2266 | D:4      | Killed a yak
  2267 | D:4      | Reached skill level 7 in Fighting
  2267 | D:4      | Reached skill level 7 in Axes
  2267 | D:4      | Reached skill level 7 in Dodging
  2267 | D:4      | Reached skill level 2 in Conjurations
  2267 | D:4      | Reached skill level 2 in Hexes
  2267 | D:4      | Reached skill level 2 in Summonings
  2267 | D:4      | Reached skill level 2 in Necromancy
  2267 | D:4      | Reached skill level 2 in Translocations
  2267 | D:4      | Reached skill level 2 in Transmutations
  2267 | D:4      | Reached skill level 2 in Fire Magic
  2267 | D:4      | Reached skill level 2 in Ice Magic
  2267 | D:4      | Reached skill level 2 in Air Magic
  2267 | D:4      | Reached skill level 2 in Earth Magic
  2267 | D:4      | Reached skill level 2 in Poison Magic
  2279 | D:4      | Killed a yak
  2280 | D:4      | Reached skill level 5 in Stealth
  2280 | D:4      | Reached skill level 3 in Invocations
  2296 | D:4      | Killed a yak
  2297 | D:4      | Reached XP level 8. HP: 43/67 MP: 12/12
  2322 | D:4      | Lost mutation: You are completely covered in iridescent
                  | scales. (AC +6) [Jiyva's grace]
  2322 | D:4      | Lost mutation: You are mostly covered in iridescent scales.
                  | (AC +4) [Jiyva's grace]
  2322 | D:4      | Gained mutation: Your movements are slightly less
                  | encumbered by armour. (ER -2) [Jiyva's grace]
  2322 | D:4      | Gained mutation: Your movements are less encumbered by
                  | armour. (ER -4) [Jiyva's grace]
  2322 | D:4      | Gained mutation: Your movements are significantly less
                  | encumbered by armour. (ER -6) [Jiyva's grace]
  2322 | D:4      | Gained mutation: You have extremely sharp teeth. [Jiyva's
                  | grace]
  2444 | D:6      | Reached skill level 3 in Short Blades
  2444 | D:6      | Reached skill level 3 in Long Blades
  2444 | D:6      | Reached skill level 3 in Maces & Flails
  2444 | D:6      | Reached skill level 3 in Polearms
  2444 | D:6      | Reached skill level 3 in Staves
  2444 | D:6      | Reached skill level 3 in Slings
  2444 | D:6      | Reached skill level 3 in Bows
  2444 | D:6      | Reached skill level 3 in Crossbows
  2444 | D:6      | Reached skill level 3 in Throwing
  2444 | D:6      | Reached skill level 3 in Armour
  2444 | D:6      | Reached skill level 3 in Shields
  2444 | D:6      | Reached skill level 3 in Unarmed Combat
  2444 | D:6      | Reached skill level 3 in Spellcasting
  2444 | D:6      | Reached skill level 3 in Evocations
  2478 | D:6      | Found a staircase to the Ecumenical Temple.
  2654 | D:6      | Identified a scroll of acquirement
  2656 | D:6      | Acquired a +0 vampiric lajatang
  2699 | D:6      | Found a sacrificial altar of Ru.
  3015 | D:6      | Found a transporter.
  3267 | D:6      | Found a transporter.
  3479 | D:6      | Reached skill level 3 in Conjurations
  3479 | D:6      | Reached skill level 3 in Hexes
  3479 | D:6      | Reached skill level 3 in Summonings
  3479 | D:6      | Reached skill level 3 in Necromancy
  3479 | D:6      | Reached skill level 3 in Translocations
  3479 | D:6      | Reached skill level 3 in Transmutations
  3479 | D:6      | Reached skill level 3 in Fire Magic
  3479 | D:6      | Reached skill level 3 in Ice Magic
  3479 | D:6      | Reached skill level 3 in Air Magic
  3479 | D:6      | Reached skill level 3 in Earth Magic
  3479 | D:6      | Reached skill level 3 in Poison Magic
  3479 | D:6      | Reached skill level 4 in Invocations
  3554 | D:5      | Entered Level 5 of the Dungeon
  3554 | D:5      | Noticed a two-headed ogre
  3568 | D:5      | Mangled by a two-headed ogre

Vanquished Creatures
  4 yaks (D:4)
  A sky beast (D:2)
  An ogre (D:4)
  4 ice beasts (D:6)
  A black bear (D:6)
  A scorpion (D:6)
  An orc priest (D:5)
  A gnoll shaman (D:6)
  2 orc wizards
  3 iguanas (D:6)
  4 gnolls (D:6)
  4 adders
  2 white imps (D:6)
  A dart slug (D:4)
  4 worms
  7 orcs
  5 ball pythons
  3 bats
  An endoplasm (D:1)
  2 giant cockroaches
  6 goblins
  8 hobgoblins
  4 jackals (D:4)
  2 kobolds (D:4)
  4 quokkas
  2 frilled lizards (D:1)
  4 rats
82 creatures vanquished.

Vanquished Creatures (others)
  2 jellies
  A worm (D:3)
  A ball python (D:2)
  4 endoplasms
  A giant cockroach (D:4)
  A goblin (D:3)
  3 hobgoblins (D:2)
  4 jackals (D:3)
  A bat (D:2)
  2 frilled lizards (D:3)
  2 rats
22 creatures vanquished.

Grand Total: 104 creatures vanquished
